 Dungeon Crawl Stone Soup version 0.19-a0-45-g2c295ea (webtiles) character file.

137 jyri the Magician (level 5, -4/28 HPs)
             Began as a Deep Elf Wizard on May 5, 2016.
             Slain by a worker ant (7 damage)
             ... on level 4 of the Dungeon.
             The game lasted 00:18:56 (3227 turns).

jyri the Magician (Deep Elf Wizard)                 Turns: 3227, Time: 00:18:56

Health: -4/28      AC:  3    Str:  4    XL:     5   Next: 0%
Magic:  9/14       EV: 12    Int: 24    God:
Gold:   125        SH:  0    Dex: 13    Spells: 5 memorised, 3 levels left

rFire  . . .     SeeInvis .     b - +2 hunting sling of Xofomp {velocity, MR+}
rCold  . . .     Gourm    .     f - +0 robe
rNeg   . . .     Faith    .     (no shield)
rPois  .         Spirit   .     l - +1 hat
rElec  .         Dismiss  .     (no cloak)
rCorr  .         Reflect  .     (no gloves)
SustAt .         Harm     .     (no boots)
MR     +....                    (no amulet)
Stlth  ++........               (no ring)
                                (no ring)

@: lethally poisoned (-4 -> -22), somewhat resistant to hostile enchantments,
unstealthy
A: no striking features
a: no special abilities


You were on level 4 of the Dungeon.
You were not hungry.

You visited 1 branch of the dungeon, and saw 4 of its levels.

You collected 125 gold pieces.

Inventory:

Hand Weapons
 a - a +1 dagger of speed
 b - the +2 hunting sling of Xofomp (weapon) {velocity, MR+}
   (You found it on level 4 of the Dungeon)

   Any stone fired from it inflicts extra damage.
   It affects your resistance to hostile enchantments.
Missiles
 g - 33 stones (quivered)
 k - 7 tomahawks of returning
 m - 5 tomahawks
 q - 36 arrows
 v - 30 bolts
Armour
 f - a +0 robe (worn)
 l - a +1 hat (worn)
Jewellery
 z - an uncursed ring of teleportation
Scrolls
 h - a scroll of blinking {unknown}
 i - 3 scrolls of immolation
 n - a scroll of amnesia {unknown}
 o - 2 scrolls of teleportation {unknown}
 p - a scroll of noise {unknown}
 r - a scroll of fear {unknown}
 x - 2 scrolls of enchant weapon
Potions
 e - a potion of might
 j - 3 potions of lignification
 t - a potion of resistance
Books
 c - a book of Minor Magic

   Spells                             Type                      Level
   a - Magic Dart                     Conjuration                  1
   b - Blink                          Translocation                2
   c - Call Imp                       Summoning                    2
   d - Repel Missiles                 Charms/Air                   2
   e - Slow                           Hexes                        2
   f - Conjure Flame                  Conjuration/Fire             3
   g - Mephitic Cloud                 Conjuration/Poison/Air       3
 s - a Necronomicon

   Spells                             Type                      Level
   a - Haunt                          Necromancy/Summoning         7
   b - Borgnjor's Revivification      Necromancy                   8
   c - Death's Door                   Charms/Necromancy            8
   d - Necromutation                  Transmutation/Necromancy     8
 w - a book of Flames

   Spells                             Type                      Level
   a - Flame Tongue                   Conjuration/Fire             1
   b - Throw Flame                    Conjuration/Fire             2
   c - Conjure Flame                  Conjuration/Fire             3
   d - Inner Flame                    Hexes/Fire                   3
   e - Sticky Flame                   Conjuration/Fire             4
   f - Fireball                       Conjuration/Fire             5
Comestibles
 d - 2 bread rations


   Skills:
 - Level 2.4 Dodging
 - Level 2.4 Stealth
 - Level 5.0 Spellcasting
 + Level 3.7 Conjurations
 + Level 1.7 Charms
   Level 1.1 Summonings
 - Level 1.2 Translocations
 - Level 2.4 Fire Magic


You had 3 spell levels left.
You knew the following spells:

 Your Spells              Type           Power        Failure   Level  Hunger
a - Magic Dart            Conj           ###.         1%          1    None
b - Blink                 Tloc           N/A          12%         2    None
c - Repel Missiles        Chrm/Air       ##....       12%         2    None
d - Conjure Flame         Conj/Fire      ###.....     10%         3    ##.....
e - Mephitic Cloud        Conj/Pois/Air  ##......     17%         3    ##.....


Dungeon Overview and Level Annotations

Branches:
Dungeon (4/15)
 Temple: D:4-7

Altars:
Ru
The Shining One


Message History

Confirm with . or Enter, or press ? or * to list all spells.
Aiming: Magic Dart
Press: ? - help, Shift-Dir - straight line, f/p - worker ant
Aim: a worker ant (moderately wounded)
The magic dart hits the worker ant.
The worker ant is heavily wounded.
* * * LOW HITPOINT WARNING * * *
You feel sick.
The worker ant bites you but does no damage.
Unknown command.
Casting: Magic Dart
Confirm with . or Enter, or press ? or * to list all spells.
Aiming: Magic Dart
Press: ? - help, Shift-Dir - straight line, f/p - worker ant
Aim: a worker ant (heavily wounded)
The magic dart hits the worker ant.
The worker ant is severely wounded.
* * * LOW HITPOINT WARNING * * *
You feel sick. The worker ant bites you!
You die...

#........# #..#
#.######.###..# #
#.......># #.
#.#.###########
###[####.#..#.........
#.....##.##.#.#######.
#.#.#.##.##...<.....#
# #a##.####.##.##.#
#@##.#...........
#.##......#######
#.####.###... #.# #.#
. #.####.# .# #......#
.# ######## .#


You could see a worker ant.

Vanquished Creatures
  A hound (D:2)
  3 adders (D:2)
  2 oozes
  An adder skeleton (D:4)
  2 worms (D:2)
  2 dart slugs
  A giant gecko (D:1)
  An orc (D:3)
  4 ball pythons
  3 bats
  6 giant cockroaches
  7 goblins
  5 hobgoblins
  6 jackals
  2 kobolds
  4 giant newts
  4 rats
54 creatures vanquished.

Notes
Turn   | Place    | Note
--------------------------------------------------------------
     0 | D:1      | jyri the Deep Elf Wizard began the quest for the Orb.
     0 | D:1      | Reached XP level 1. HP: 10/10 MP: 7/7
   269 | D:1      | Reached XP level 2. HP: 15/15 MP: 7/9
   546 | D:1      | Reached skill level 5 in Spellcasting
   618 | D:1      | Learned a level 2 spell: Blink
   893 | D:1      | Reached XP level 3. HP: 19/19 MP: 9/11
   898 | D:1      | Learned a level 2 spell: Repel Missiles
   902 | D:1      | Learned a level 3 spell: Conjure Flame
   906 | D:1      | Learned a level 3 spell: Mephitic Cloud
  1278 | D:2      | Found a faded altar to an unknown god.
  1444 | D:2      | Reached skill level 1 in Fire Magic
  1634 | D:2      | Reached XP level 4. HP: 23/24 MP: 4/13
  2537 | D:3      | Found a sacrificial altar of Ru.
  2569 | D:3      | Reached skill level 1 in Charms
  2881 | D:3      | Found a glowing golden altar of the Shining One.
  3067 | D:4      | Reached XP level 5. HP: 28/28 MP: 8/14
  3164 | D:4      | Got a smoking hunting sling
  3165 | D:4      | Identified the +2 hunting sling of Xofomp {velocity, MR+} (You found it on level 4 of the Dungeon)
  3227 | D:4      | Slain by a worker ant

Vault maps used:
D:1:      sevenhm_arrival_forest_fort_small_5, dk_noncrumbling_3,
          minmay_misc_feat_encased, kennysheep_decorative_pillar
D:2:      wad_pebble_path, ecumenical_altar_1
D:3:      nicolae_overflow_crystal_walls, tso_oasis_becter, first_bread

Skill      XL: |  1  2  3  4 |
---------------+-------------+-----
Conjurations   | 2 3 |  3.7
Spellcasting   | 5 |  5.0
Fire Magic     | 2 |  2.4
Charms         | 1 |  1.7
Dodging        | |  2.4
Stealth        | |  2.4
Summonings     | |  1.1
Translocations | |  1.2

Action                   |  1- 3 |  4- 6 || total
-------------------------+-------+-------++-------
Melee: Dagger            |    13 |     4 ||    17
 Cast: Magic Dart        |    90 |    72 ||   162
       Blink             |     1 |       ||     1
  Use: Scroll            |       |     9 ||     9
  Eat: Chunk             |     2 |     3 ||     5
       Royal jelly       |       |     1 ||     1
Armor: Robe              |     2 |     8 ||    10
Dodge: Dodged            |    19 |    15 ||    34
